 Dungeon Crawl Stone Soup version 0.21-a0-538-gd16b88a (webtiles) character file.

73 mortelune the Firebug (level 4, -1/33 HPs)
             Began as a Draconian Fire Elementalist on Dec 16, 2017.
             Killed from afar by mortelune's ghost (9 damage)
             ... with a puff of flame
             ... on level 3 of the Dungeon.
             The game lasted 00:07:30 (2447 turns).

mortelune the Firebug (Draconian Fire Elementalist) Turns: 2447, Time: 00:07:30

Health: -1/33      AC:  8    Str: 10    XL:     4   Next: 8%
Magic:  3/7        EV: 12    Int: 16    God:
Gold:   86         SH:  0    Dex: 12    Spells: 2/8 levels left

rFire    . . .     SeeInvis +   c - +0 spear
rCold    . . .     Gourm    .   (no shield)
rNeg     . . .     Faith    .   (armour unavailable)
rPois    .         Spirit   .   (helmet restricted)
rElec    +         Reflect  .   (no cloak)
rCorr    .         Harm     .   (no gloves)
MR       .....                  p - +2 pair of boots
Stlth    ++........             (no amulet)
HPRegen  0.11/turn              h - ring of see invisible
MPRegen  0.10/turn              (no ring)

@: no status effects
A: unfitting armour, mutation resistance 1, electricity resistance, wild magic
1, cold-blooded, AC +5
a: no special abilities


You were on level 3 of the Dungeon.
You were not hungry.

You visited 1 branch of the dungeon, and saw 3 of its levels.

You collected 86 gold pieces.

Inventory:

Hand Weapons
 c - a +0 spear (weapon)
 e - a +0 dagger of venom
Armour
 d - a +0 pair of boots
 m - a +0 buckler
 p - a +2 pair of boots (worn)
Jewellery
 h - a ring of see invisible (left hand)
Scrolls
 g - 5 scrolls of remove curse
 k - a scroll of enchant weapon {unknown}
 l - a scroll of teleportation {unknown}
 o - a scroll of random uselessness {unknown}
Potions
 f - a potion of agility {unknown}
Books
 a - a book of Flames

   Spells                             Type                      Level
   a - Flame Tongue                   Conjuration/Fire             1
   b - Throw Flame                    Conjuration/Fire             2
   c - Conjure Flame                  Conjuration/Fire             3
   d - Inner Flame                    Hexes/Fire                   3
   e - Sticky Flame                   Conjuration/Fire             4
   f - Fireball                       Conjuration/Fire             5
Comestibles
 b - a bread ration
 j - a meat ration


   Skills:
 - Level 1.7 Dodging
 - Level 1.7 Stealth
 + Level 2.6 Spellcasting
 * Level 2.8 Conjurations
 + Level 3.5 Fire Magic


You had 2 spell levels left.
You knew the following spells:

 Your Spells              Type           Power        Failure   Level  Hunger
a - Flame Tongue          Conj/Fire      ###..        9%          1    #......
b - Throw Flame           Conj/Fire      ###...       12%         2    ##.....
c - Conjure Flame         Conj/Fire      ###.....     22%         3    ###....


Dungeon Overview and Level Annotations

Branches:
Dungeon (3/15)

Altars:

Annotations:
D:2 Natasha
D:3 mortelune's ghost, amateur DrFE


Innate Abilities, Weirdness & Mutations

Your plain brown scales are hard. (AC +5)
You cannot fit into any form of body armour.
You are cold-blooded and may be slowed by cold attacks.
You are somewhat resistant to further mutation.
You are resistant to electric shocks. (rElec)
Your spells are a little harder to cast, but a little more powerful.


Message History

Press: ? - help, Shift-Dir - straight line, f/p - mortelune's ghost
Aim: mortelune's ghost (lightly damaged)
The flame tongue hits mortelune's ghost.
Mortelune's ghost is lightly damaged.
Mortelune's ghost hits you!
Casting: Flame Tongue
Confirm with . or Enter, or press ? or * to list all spells.
Aiming: Flame Tongue
Press: ? - help, Shift-Dir - straight line, f/p - mortelune's ghost
Aim: mortelune's ghost (lightly damaged)
The flame tongue hits mortelune's ghost.
Mortelune's ghost is moderately damaged.
Mortelune's ghost hits you.
Mortelune's ghost hits you but does no damage.
Mortelune's ghost gestures at you while chanting.
The flame tongue hits you!
* * * LOW HITPOINT WARNING * * *
Mortelune's ghost gestures at you while chanting.
The puff of flame hits you!
You die...

#............# #....).......#
#............# #............#
##########.#.####............#
####.#........(........#
#....#####.............#
###.#### #....########## #...#
####### #.### ###### ... #.#
#..@.# .... #.# #.##.# .....
#.#####.##.#......
#.......##.W......
#############..... ##'#


You could see mortelune's ghost.

Vanquished Creatures
  Natasha (D:2)
  An adder (D:3)
  A worm (D:2)
  3 dart slugs
  2 leopard geckos
  An orc (D:3)
  A ball python (D:3)
  3 bats
  A goblin (D:1)
  4 hobgoblins
  3 kobolds
  5 frilled lizards
  4 rats
30 creatures vanquished.

Notes
Turn   | Place    | Note
-------+----------+-------------------------------------------
     0 | D:1      | mortelune the Draconian Fire Elementalist began the quest for the Orb.
     0 | D:1      | Reached XP level 1. HP: 14/14 MP: 3/3
   332 | D:1      | Reached XP level 2. HP: 20/20 MP: 3/5
   336 | D:1      | Learned a level 2 spell: Throw Flame
  1165 | D:2      | Reached XP level 3. HP: 26/26 MP: 4/6
  1395 | D:2      | Noticed Natasha
  1417 | D:2      | Gained mutation: Your spells are a little harder to cast, but a little more powerful. [potion of mutation]
  1417 | D:2      | Gained mutation: You are resistant to electric shocks. (rElec) [potion of mutation]
  1417 | D:2      | Gained mutation: You are somewhat resistant to further mutation. [potion of mutation]
  1417 | D:2      | HP: 1/26 [Natasha (4)]
  1430 | D:2      | Killed Natasha
  1617 | D:2      | Noticed Natasha
  2116 | D:3      | Reached XP level 4. HP: 19/33 MP: 0/7
  2375 | D:3      | Learned a level 3 spell: Conjure Flame
  2439 | D:3      | Noticed mortelune's ghost (amateur DrFE)
  2447 | D:3      | Killed from afar by mortelune's ghost

Vault maps used:
D:1:      dpeg_arrival_signposts, minmay_circled_x
D:2:      grunt_temple_overflow_open, first_bread, uniq_natasha
D:3:      grunt_ministairs_6

Skill      XL: |  1  2 |
---------------+-------+-----
Conjurations   | 2 |  2.8
Dodging        | |  1.7
Stealth        | |  1.7
Spellcasting   | |  2.6
Fire Magic     | |  3.5

Action                   |  1- 3 |  4- 6 || total
-------------------------+-------+-------++-------
Melee: Spear             |    60 |       ||    60
       Tailslap          |     4 |       ||     4
       Dagger            |     4 |       ||     4
 Cast: Flame Tongue      |    31 |     8 ||    39
       Throw Flame       |     5 |       ||     5
  Use: Scroll            |     1 |       ||     1
       Potion            |     3 |       ||     3
 Stab: Sleeping          |     3 |       ||     3
  Eat: Chunk             |     2 |     2 ||     4
       Royal jelly       |     1 |       ||     1
Armor: Skin              |    22 |     3 ||    25
Dodge: Dodged            |    62 |     3 ||    65
Block: Buckler           |     3 |       ||     3

Table legend:
 A = Spawn XP
 B = Non-spawn XP
 C = Spawn XP percentage of total XP
 D = Spawn monster count
 E = Non-spawn monster count
 F = Spawn count percentage of total count
 G = Total turns spent on level
                    A         B        C        D         E        F      G
               +---------+---------+-------+---------+---------+-------+---------
         Total |       0 |     105 |   0.0 |       0 |      30 |   0.0 |  2447
               +---------+---------+-------+---------+---------+-------+---------
           D:1 |       0 |      30 |   0.0 |       0 |      16 |   0.0 |  1318
           D:2 |       0 |      53 |   0.0 |       0 |       8 |   0.0 |   713
           D:3 |       0 |      22 |   0.0 |       0 |       6 |   0.0 |   416
               +---------+---------+-------+---------+---------+-------+---------
